AoeStats
← Chiripa605

MegaRandom

507162289Analyzed
4v4 RM · 15d ago on Sep 16, 2026· 35m 11s· 8 players
Game mode
Random Map
Map size
Large (8 player)
Population
200
Speed
Normal
Resources
Standard
Victory
Conquest
Starting age
Dark Age
Ending age
Imperial Age
RankedLock teamsTeams togetherTeam positionsShared explorationLock speedFull tech treeHidden civsTurbo modeCheats
Victory
Defeat
🇺🇸 Hindustanis · United States
1258
+13
🇦🇷 Magyars · Argentina
1232
+14
🇦🇷 Lithuanians · Argentina
1216
+15
🇺🇸 Sicilians · United States
1188
+16
🇦🇷 Franks · Argentina
1356
-20
🇦🇷 Byzantines · Argentina
1178
-14
🇦🇷 Gurjaras · Argentina
1134
-12
🇦🇷 Vietnamese · Argentina
1116
-12
TekinNico23
7:09 Loom
10:25 Feudal Age
13:04 Bloodlines
14:18 Scale Barding Armor
14:56 Forging
22:54 Castle Age
24:14 Husbandry
24:36 Chain Barding Armor
24:53 Iron Casting
25:44 Double-Bit Axe
felixaleman1010
10:57 Feudal Age
9:15 Loom
11:05 Feudal Age
12:39 Double-Bit Axe
18:14 Bloodlines
23:24 Castle Age
24:08 Husbandry
24:16 Scale Barding Armor
24:44 Light Cavalry
33:53 Bow Saw
Chiripa605
3:16 Loom
10:40 Feudal Age
11:11 Double-Bit Axe
13:35 Horse Collar
18:00 Fletching
23:39 Castle Age
24:31 Bow Saw
24:30 Pikeman
25:10 Squires
25:16 Scale Mail Armor
26:21 Chain Mail Armor
26:38 Arson
30:09 Forging
36:11 Iron Casting
tracter3515
0:30 Loom
13:10 Feudal Age
16:03 Double-Bit Axe
16:12 Stone Mining
19:11 Scale Mail Armor
19:22 Forging
19:54 Wheelbarrow
23:04 Castle Age
21:10 Gold Mining
24:46 Chain Mail Armor
28:34 Hand Cart
Cocodelich
0:47 Loom
10:44 Feudal Age
14:42 Double-Bit Axe
17:34 Fletching
18:11 Padded Archer Armor
25:45 Horse Collar
33:00 Castle Age
[TodEs] RastroJueves
2:00 Loom
10:04 Feudal Age
10:38 Double-Bit Axe
11:39 Horse Collar
18:38 Wheelbarrow
21:19 Castle Age
20:03 Gold Mining
22:46 Bloodlines
22:47 Scale Barding Armor
23:01 Husbandry
23:23 Forging
25:30 Chain Barding Armor
26:29 Iron Casting
29:55 Heavy Plow
[TodEs] The Andi
11:26 Feudal Age
11:58 Double-Bit Axe
13:17 Loom
16:57 Scale Barding Armor
18:12 Forging
22:45 Castle Age
20:55 Gold Mining
23:54 Chain Barding Armor
24:01 Bow Saw
24:49 Gold Shaft Mining
25:40 Iron Casting
29:44 Husbandry
El engrillado
4:18 Loom
10:05 Feudal Age
12:34 Double-Bit Axe
16:38 Fletching
16:50 Padded Archer Armor
19:41 Horse Collar
28:35 Castle Age
30:30 Crossbowman
31:26 Leather Archer Armor
Connection lost

Rejoining the realm…

Still unreachable

The connection could not be restored.

Session expired

The server has moved on; the page needs a fresh start.